AoeStats
← Nipersx

Nomad

509794475Analyzed
3v3 RM · 2d ago on Sep 28, 2026· 35m 29s· 6 players
Game mode
Random Map
Map size
210×210
Population
200
Speed
Normal
Resources
Standard
Victory
Conquest
Starting age
Dark Age
Ending age
Imperial Age
RankedLock teamsTeams togetherTeam positionsShared explorationLock speedFull tech treeHidden civsTurbo modeCheats
Victory
Defeat
🇨🇦 Vietnamese · Canada
940
+13
🇨🇴 Celts · Colombia
833
+18
🇨🇴 Britons · Colombia
748
+21
🇪🇨 Poles · Ecuador
897
-18
🇻🇪 Goths · Venezuela
867
-17
🇨🇱 Varangians · Chile
857
-17
GenghisKhan't
4:12 Loom
14:46 Feudal Age
15:13 Double-Bit Axe
19:51 Wheelbarrow
20:09 Fishing Lines
21:14 Forging
21:52 Scale Mail Armor
22:37 Horse Collar
23:01 Arson
22:37 Man-at-Arms
32:10 Castle Age
33:03 Bow Saw
34:42 Hand Cart
Nipersx
3:03 Loom
15:48 Feudal Age
17:13 Wheelbarrow
16:35 Double-Bit Axe
19:27 Fletching
20:15 Gold Mining
21:10 Padded Archer Armor
21:46 Town Watch
30:19 Castle Age
30:05 Forging
30:27 Crossbowman
31:10 Bodkin Arrow
32:22 Hand Cart
32:52 Town Patrol
34:09 Bow Saw
33:40 Horse Collar
33:55 Stone Mining
36:04 Ballistics
35:40 Murder Holes
35:26 Treadmill Crane
35:56 Masonry
Lord_Pollo04
11:17 Loom
14:28 Feudal Age
15:12 Double-Bit Axe
18:46 Fletching
26:59 Castle Age
25:57 Gold Mining
29:00 Wheelbarrow
28:11 Crossbowman
29:01 Bodkin Arrow
29:37 Padded Archer Armor
31:08 Husbandry
31:57 Hand Cart
32:03 Scale Barding Armor
32:16 Fishing Lines
34:54 Chain Barding Armor
35:53 Forging
SPARTANTULIO
8:16 Loom
19:04 Feudal Age
19:39 Man-at-Arms
21:30 Wheelbarrow
24:57 Fletching
26:59 Padded Archer Armor
Shantzung
16:01 Feudal Age
16:47 Horse Collar
20:03 Man-at-Arms
21:40 Double-Bit Axe
FeaR_Itachi
4:02 Loom
13:58 Feudal Age
17:48 Wheelbarrow
25:55 Castle Age
31:06 Fletching
Connection lost

Rejoining the realm…

Still unreachable

The connection could not be restored.

Session expired

The server has moved on; the page needs a fresh start.